 Dungeon Crawl Stone Soup version 0.19.0-11-g3fc08b3 (webtiles) character file.

77 tomat the Ducker (level 4, -5/67 HPs)
             Began as an Ogre Wanderer on Nov 9, 2016.
             Slain by a worm (7 damage)
             ... on level 3 of the Dungeon.
             The game lasted 00:09:22 (1812 turns).

tomat the Ducker (Ogre Wanderer)                    Turns: 1812, Time: 00:09:26

Health: -5/67      AC: 22    Str: 20    XL:     4   Next: 33%
Magic:  4/4        EV:  1    Int:  8    God:
Gold:   31         SH:  0    Dex: 10    Spells: 0 memorised, 3 levels left

rFire  + . .     SeeInvis .     c - +0 mace
rCold  . . .     Gourm    .     (armour currently unavailable)
rNeg   + + +     Faith    .     (no shield)
rPois  +         Spirit   .     (helmet currently unavailable)
rElec  .         Reflect  .     (cloak currently unavailable)
rCorr  .         Harm     .     (gloves unavailable)
MR     .....     NoTele   +     (boots unavailable)
Stlth  +.........               (no amulet)
                                (no ring)
                                h - ring of protection from fire

@: tree-form
A: unfitting armour, (tough skin 0)
a: no special abilities


You were on level 3 of the Dungeon.
You were not hungry.
You were a tree.
You visited 1 branch of the dungeon, and saw 3 of its levels.

You collected 31 gold pieces.

Inventory:

Hand Weapons
 c - a +0 mace (weapon)
Missiles
 i - 3 silver javelins (quivered)
Armour
 a - a +2 robe (melded)
Jewellery
 h - a ring of protection from fire (left branch)
Wands
 j - a wand of polymorph (14/24)
Scrolls
 e - a scroll of amnesia
 k - 2 scrolls of magic mapping
Comestibles
 d - 2 bread rations
 f - a meat ration
 g - a royal jelly


   Skills:
 + Level 3.1 Fighting
 + Level 3.1 Maces & Flails
   Level 1.3 Crossbows
 + Level 1.1 Throwing
 + Level 3.8 Dodging
   Level 1.0 Shields


You had 3 spell levels left.
You didn't know any spells.

Dungeon Overview and Level Annotations

Branches:
Dungeon (3/15)

Altars:


Innate Abilities, Weirdness & Mutations

You are too large for most types of armour.
((You have tough skin. (AC +1)))


Message History

You hit the orc but do no damage. The orc hits you but does no damage. x2
The frilled lizard bites you but does no damage.
The orc hits you but does no damage.
You hit the orc.
The orc is severely wounded.
The orc hits you but does no damage.
The frilled lizard bites you but does no damage.
The orc hits you but does no damage.
You hit the orc but do no damage.
The orc is severely wounded.
The orc completely misses you.
The frilled lizard bites you but does no damage.
The orc hits you but does no damage. The worm bites you but does no damage.
You barely miss the orc.
The orc is severely wounded.
The frilled lizard bites you but does no damage.
The orc hits you with a hand axe.
* * * LOW HITPOINT WARNING * * *
The orc hits you but does no damage. The worm bites you!
You die...

.........# ..
#........+ .....
####.......# .....
...........#+##..(..
....................
........)...........
........w..........#
......o♣o(......# .
.......l..##)##.....
..........##)##.o...
..##........<.......
. .......###........
......... .........
................##..
.............#### .
....)#


You could see a worm, 2 orcs and a frilled lizard.

Vanquished Creatures
  An adder (D:2)
  2 oozes (D:1)
  2 worms
  2 dart slugs (D:1)
  A leopard gecko (D:2)
  2 orcs (D:3)
  6 bats
  2 giant cockroaches (D:2)
  9 hobgoblins
  4 kobolds
  A quokka (D:2)
  3 frilled lizards
  2 goblins (D:1)
  8 rats
45 creatures vanquished.

Notes
Turn   | Place    | Note
-------+----------+-------------------------------------------
     0 | D:1      | tomat the Ogre Wanderer began the quest for the Orb.
     0 | D:1      | tomat set off with: a +2 robe, a potion of lignification, a +0 mace, a bread ration
     0 | D:1      | Reached XP level 1. HP: 22/22 MP: 1/1
    73 | D:1      | Reached XP level 2. HP: 18/29 MP: 2/2
   454 | D:1      | Reached XP level 3. HP: 36/36 MP: 3/3
  1344 | D:2      | Reached XP level 4. HP: 22/45 MP: 4/4
  1800 | D:3      | HP: 2/45 [orc (1)]
  1812 | D:3      | HP: 2/67 [orc/hand axe (3)]
  1812 | D:3      | Slain by a worm

Skill      XL: |  1  2  3  4 |
---------------+-------------+-----
Dodging        | 3 |  3.8
Maces & Flails | 2 3 |  3.1
Fighting       | 3 |  3.1
Crossbows      | |  1.3
Throwing       | |  1.1
Shields        | |  1.0

Action                   |  1- 3 |  4- 6 || total
-------------------------+-------+-------++-------
Melee: Mace              |   112 |    73 ||   185
  Use: Scroll            |     1 |     1 ||     2
       Potion            |       |     2 ||     2
  Eat: Chunk             |     1 |     2 ||     3
Armor: Robe              |    43 |    46 ||    89
       Skin              |       |    14 ||    14
Dodge: Dodged            |    78 |    55 ||   133
